 Dungeon Crawl Stone Soup version 0.17-a0-1435-geafbe2f (webtiles) character file.

74 nono the Covered (level 4, 0/29 HPs)
             Began as a Gargoyle Fighter on June 26, 2015.
             Slain by Crazy Yiuf
             ... wielding a +3 quarterstaff of chaos
              (7 damage)
             ... on level 2 of the Dungeon.
             The game lasted 00:02:41 (1564 turns).

nono the Covered (Gargoyle Fighter)                 Turns: 1564, Time: 00:02:41

Health: 0/29       AC: 13    Str: 26    XL:     4   Next: 30%
Magic:  4/4        EV:  6    Int:  8    God:
Gold:   46         SH:  9    Dex:  9    Spells: 0 memorised, 3 levels left

rFire  . . .     SeeInvis .     a - +0 trident
rCold  . . .     Clarity  .     l - +0 chain mail
rNeg   + . .     SustAt   .     c - +0 shield
rPois  ∞         Gourm    .     (no helmet)
rElec  +         Spirit   .     (no cloak)
rCorr  .         Warding  .     (no gloves)
rMut   .         Stasis   .     (no boots)
MR     .....                    (no amulet)
Stlth  ..........               (no ring)
                                (no ring)

@: mighty, very slightly contaminated, hasted and slowed, not resistant to
hostile enchantments, extremely unstealthy
A: negative energy resistance 1, electricity resistance, unbreathing,
petrification resistance, rot immunity, AC +3
a: no special abilities


You were on level 2 of the Dungeon.
You were very hungry.

You visited 1 branch of the dungeon, and saw 2 of its levels.

You collected 46 gold pieces.

Inventory:

Hand weapons
 a - a +0 trident (weapon)
Armour
 b - a +0 scale mail
 c - a +0 shield (worn)
 l - a +0 chain mail (worn)
Scrolls
 f - 3 scrolls of magic mapping {unknown}
 i - a scroll of remove curse {unknown}
 k - a scroll of recharging {unknown}
 m - a scroll of immolation {unknown}
 q - a scroll of identify {unknown}
Potions
 d - 2 potions of might
 g - 2 potions of heal wounds {unknown}
 h - a potion of agility {unknown}
 j - a potion of brilliance {unknown}
 n - a potion of curing {unknown}
 o - a potion of haste {unknown}
Comestibles
 e - a bread ration


   Skills:
 + Level 4.2 Fighting
 - Level 1.8 Polearms
 + Level 4.5 Armour
 + Level 0.7 Dodging
 - Level 3.2 Shields


You had 3 spell levels left.
You didn't know any spells.

Dungeon Overview and Level Annotations

Branches:
Dungeon (2/15)

Altars:

Annotations:
D:2 Crazy Yiuf


Innate Abilities, Weirdness & Mutations

You are resistant to torment.
Your stone body is resilient (AC +3).
You are immune to poison.
You resist negative energy.
You are resistant to electric shocks.
You can survive without breathing.
You are immune to petrification.
You are immune to rotting.


Message History

You hit Crazy Yiuf.
Crazy Yiuf is lightly wounded.
Crazy Yiuf hits you with a quarterstaff of chaos.
You feel yourself slow down.
Your shield and chain mail prevent you from hitting Crazy Yiuf.
Crazy Yiuf is lightly wounded.
Crazy Yiuf hits you with a quarterstaff of chaos.
You feel yourself speed up.
You are very lightly contaminated with residual magic.
You hit Crazy Yiuf.
Crazy Yiuf is moderately wounded.
Crazy Yiuf hits you with a quarterstaff of chaos!
Drink which item? (? for menu, Esc to quit)
You feel very mighty all of a sudden. Crazy Yiuf hits you but does no damage.
Space warps horribly around you!
* * * LOW HITPOINT WARNING * * *
You closely miss Crazy Yiuf.
Crazy Yiuf is moderately wounded.
Crazy Yiuf hits you with a quarterstaff of chaos!
You die...

####.......#..........#.#.#######
...........#..........#.#.#
#####...#################.#
........# #.# #####...# #.#
#####..## ### ♣♣###.# ..P....#
#)..#♣ ♣♣.....# .≈≈≈≈P.#
#....g♣♣♣♣......# .§§≈≈≈##
♣@.♣.......# P≈≈≈..# ♣♣♣.♣......#
§§§§..# ♣♣♣♣♣######### §§§§P.#
#......# §§§...# ### ### ##.#.#.#
§§..#'######.# #.# #.#.#.#
#.§..........###.########.#.#.#
#.........................#.#.#
#.<...........##.##########.#.#


You could see Crazy Yiuf.

Vanquished Creatures
  3 adders (D:2)
  2 worms (D:2)
  An adder skeleton (D:2)
  2 giant geckos
  2 goblins (D:2)
  8 hobgoblins
  2 jackals (D:2)
  A quokka (D:2)
  A ball python skeleton (D:2)
  4 bats
  2 giant cockroaches (D:1)
  A giant cockroach zombie (D:2)
  A giant gecko skeleton (D:2)
  2 giant newts (D:2)
  A jackal skeleton (D:2)
  4 kobolds
  4 rats
41 creatures vanquished.

Notes
Turn   | Place    | Note
--------------------------------------------------------------
     0 | D:1      | nono the Gargoyle Fighter began the quest for the Orb.
     0 | D:1      | Reached XP level 1. HP: 14/14 MP: 1/1
   397 | D:1      | Reached XP level 2. HP: 19/19 MP: 2/2
   789 | D:2      | Reached skill level 4 in Armour
   789 | D:2      | Reached XP level 3. HP: 13/24 MP: 3/3
  1172 | D:2      | Reached XP level 4. HP: 27/29 MP: 4/4
  1554 | D:2      | Noticed Crazy Yiuf
  1564 | D:2      | Slain by Crazy Yiuf

Vault maps used:
D:1:      minmay_arrival_glassed_features
D:2:      serial_undead, serial_undead_e, serial_undead_d, serial_undead_e,
          serial_undead_f, hangedman_abyss_or_decor_lesser_grid,
          kennysheep_generic_room_11, uniq_crazy_yiuf_cottage

Action                   |  1- 3 |  4- 6 || total
-------------------------+-------+-------++-------
Melee: Trident           |   144 |    38 ||   182
  Use: Potion            |       |     1 ||     1
  Eat: Chunk             |     1 |       ||     1
